 Dungeon Crawl Stone Soup version 0.20-b1 (webtiles) character file.

597 MTVSty1e the Skirmisher (level 7, -4/64 HPs)
             Began as a Minotaur Fighter on May 18, 2017.
             Was an Initiate of Okawaru.
             Killed from afar by Mesmaeker13's ghost (14 damage)
             ... with a spray of energy
             ... on level 4 of the Dungeon.
             The game lasted 00:06:55 (3118 turns).

MTVSty1e the Skirmisher (Minotaur Fighter)          Turns: 3118, Time: 00:06:56

Health: -4/64      AC:  7    Str: 22    XL:     7   Next: 17%
Magic:  6/6        EV:  9    Int:  5    God:    Okawaru [......]
Gold:   181        SH: 10    Dex: 10    Spells: 6/6 levels left

rFire    x . .     SeeInvis .   a - +0 war axe
rCold    + . .     Gourm    .   c - +0 shield
rNeg     . . .     Faith    .   b - +0 scale mail
rPois    +         Spirit   .   (helmet restricted)
rElec    .         Reflect  .   (no cloak)
rCorr    .         Harm     .   (no gloves)
MR       .....                  (no boots)
Stlth    ..........             (no amulet)
Regen    0.2/turn               s - ring of poison resistance
MPRegen  0.1/turn               t - ring of ice

@: no status effects
A: retaliatory headbutt, horns 2
a: Renounce Religion


You were on level 4 of the Dungeon.
You worshipped Okawaru.
Okawaru was noncommittal.
You were hungry.

You visited 2 branches of the dungeon, and saw 5 of its levels.

You collected 181 gold pieces.

Inventory:

Hand Weapons
 a - a +0 war axe (weapon)
Armour
 b - a +0 scale mail (worn)
 c - a +0 shield (worn)
Jewellery
 s - a ring of poison resistance (left hand)
 t - a ring of ice (right hand)
Wands
 u - a wand of iceblast (9/15)
 v - a wand of random effects (27/48)
Scrolls
 e - 2 scrolls of amnesia {unknown}
 g - 2 scrolls of fear {unknown}
 j - a scroll of fog {unknown}
 k - a scroll of immolation {unknown}
 l - a scroll of recharging {unknown}
 m - 2 scrolls of remove curse {unknown}
 n - a scroll of blinking {unknown}
 o - 2 scrolls of teleportation {unknown}
 p - 2 scrolls of identify {unknown}
 w - a scroll of magic mapping {unknown}
 y - a scroll of enchant armour {unknown}
Potions
 d - a potion of might
 f - a potion of degeneration {unknown}
 i - 2 potions of curing {unknown}
 q - 4 potions of brilliance {unknown}
 z - a potion of haste {unknown}
Comestibles
 h - 2 royal jellies
 r - a fruit
 x - 3 bread rations


   Skills:
 * Level 6.6 Fighting
 + Level 4.2 Axes
 + Level 5.1 Armour
 + Level 2.9 Dodging
 + Level 5.3 Shields


You had 6 spell levels left.
You didn't know any spells.

Dungeon Overview and Level Annotations

Branches:
Dungeon (4/15)             Temple (1/1) D:4

Altars:
Ashenzari
Cheibriados
Dithmenos
Elyvilon
Hepliaklqana
Kikubaaqudgha
Makhleb
Nemelex Xobeh
Okawaru
Qazlal
Ru
Sif Muna
Trog
Uskayaw
Vehumet
Yredelemnul
Zin
The Shining One

Annotations:
D:4 Eustachio; Mesmaeker13's ghost, amateur DECj


Innate Abilities, Weirdness & Mutations

You reflexively headbutt those who attack you in melee.
You have a pair of horns on your head.


Message History

You're too confused to move!
Mesmaeker13's ghost grins evilly.
Mesmaeker13's ghost gestures at you while chanting.
The magic dart hits you!
* * * LOW HITPOINT WARNING * * *
Mesmaeker13's ghost hits you but does no damage.
You feel less confused. Mesmaeker13's ghost misses you.
You closely miss Mesmaeker13's ghost.
Mesmaeker13's ghost is almost destroyed.
Mesmaeker13's ghost says, "They lied to you.
The Dungeon just goes down and down forever."
Mesmaeker13's ghost completely misses you.
Mesmaeker13's ghost gestures at you while chanting.
You block the spray of energy.
You barely miss Mesmaeker13's ghost.
Your headbutt misses Mesmaeker13's ghost.
Mesmaeker13's ghost is severely damaged.
Mesmaeker13's ghost gestures at you while chanting.
The spray of energy hits you!
You die...

##.##..................#.....###
#.##...................#.##....
#.####...................##....
#.†.......[............####....
#.................8>8..# #....
#......................# #....
#......................# #...
###.....###<............## ###...
#.......####...W@........###.....
#(#...................#.......#..
#.♣♣♣♣♣.####...............###...
#.♣P♣♣♣.# ##................#...
#.......# ##.............#......
##♣P♣.♣## #.....................
♣♣♣♣♣ #...............##.#..
#............#..##....
#..............#...#).


You could see Mesmaeker13's ghost.

Vanquished Creatures
  An ogre (D:3)
  A scorpion (D:4)
  2 bullfrog skeletons (D:4)
  2 iguanas
  Natasha (D:2)
  2 orc wizards (D:4)
  2 worker ants
  Robin (D:4)
  8 adders
  4 gnolls (D:2)
  3 dart slugs
  A worm (D:2)
  A leopard gecko (D:4)
  6 orcs (D:4)
  A ball python (D:2)
  3 giant cockroaches
  10 goblins
  13 hobgoblins
  6 jackals
  12 kobolds
  9 bats
  8 frilled lizards
  6 rats
103 creatures vanquished.

Notes
Turn   | Place    | Note
-------+----------+-------------------------------------------
     0 | D:1      | MTVSty1e the Minotaur Fighter began the quest for the Orb.
     0 | D:1      | Reached XP level 1. HP: 19/19 MP: 0/0
    87 | D:1      | Reached skill level 4 in Fighting
    87 | D:1      | Reached XP level 2. HP: 27/27 MP: 1/1
   689 | D:2      | Reached XP level 3. HP: 33/33 MP: 2/2
   692 | D:2      | Found a shadowy altar of Dithmenos.
   764 | D:2      | Reached skill level 1 in Dodging
   867 | D:2      | Reached XP level 4. HP: 28/41 MP: 3/3
  1194 | D:2      | Noticed Natasha
  1347 | D:2      | Killed Natasha
  1420 | D:2      | Reached skill level 5 in Fighting
  1444 | D:3      | Reached XP level 5. HP: 34/48 MP: 4/4
  1786 | D:3      | Noticed an ogre
  1797 | D:3      | Killed an ogre
  1797 | D:3      | Reached skill level 5 in Shields
  1797 | D:3      | Reached XP level 6. HP: 51/56 MP: 5/5
  2247 | D:4      | Noticed Robin
  2324 | D:4      | Killed Robin
  2376 | D:4      | Noticed Eustachio
  2481 | D:4      | Reached skill level 6 in Fighting
  2630 | D:4      | Reached skill level 5 in Armour
  2726 | D:4      | Found a staircase to the Ecumenical Temple.
  2742 | D:4      | Reached XP level 7. HP: 46/64 MP: 6/6
  2761 | Temple   | Entered the Ecumenical Temple
  2934 | Temple   | Became a worshipper of Warmaster Okawaru
  3088 | D:4      | Noticed Mesmaeker13's ghost (amateur DECj)
  3118 | D:4      | Killed from afar by Mesmaeker13's ghost

Skill      XL: |  1  2  3  4  5  6 |
---------------+-------------------+-----
Fighting       | 4 5 6 |  6.6
Shields        | 4 5 |  5.3
Dodging        | 1 2 |  2.9
Armour         | 4 5 |  5.1
Axes           | 3 4 |  4.2

Action                   |  1- 3 |  4- 6 |  7- 9 || total
-------------------------+-------+-------+-------++-------
Melee: War axe           |    83 |   179 |    36 ||   298
       Headbutt          |    12 |    20 |     5 ||    37
  Eat: Bread ration      |       |     1 |       ||     1
       Fruit             |       |     2 |       ||     2
       Chunk             |       |       |     1 ||     1
Armor: Scale mail        |    29 |    58 |    17 ||   104
Dodge: Dodged            |    25 |    82 |    14 ||   121
Block: Shield            |    51 |   126 |    15 ||   192
